 Dungeon Crawl Stone Soup version 0.24.0-2-g5b39cebb1c (console) character file.

Game seed: 3933671679780358956, levelgen mode: deterministic

31963 AlterAsc the Executioner (level 13, -3/116 HPs)
             Began as a Hill Orc Berserker on Oct 30, 2019.
             Was a High Priest of Trog.
             Slain by a sixfirhy (10 damage)
             ... on level 2 of the Abyss.
             The game lasted 01:06:41 (13551 turns).

AlterAsc the Executioner (Hill Orc Berserker)      Turns: 13551, Time: 01:06:41

Health: -3/116     AC: 22    Str: 25    XL:     13   Next: 61%
Magic:  0/13       EV:  9    Int:  7    God:    Trog [*****.]
Gold:   315        SH:  0    Dex: 10    Spells: 12/12 levels left

rFire    . . .     SeeInvis +   a - +3 battleaxe (chop)
rCold    . . .     Gourm    .   (shield currently unavailable)
rNeg     + . .     Faith    .   l - +0 plate armour
rPois    +         Spirit   +   M - +2 hat of the Bear Spirit {Spirit, +Rage rN+ MR++}
rElec    .         Reflect  .   L - +1 cloak
rCorr    .         Harm     .   O - +0 pair of gloves
MR       ++++.                  P - +0 pair of boots
Stlth    ..........             (no amulet)
HPRegen  1.29/turn              f - ring of poison resistance
MPRegen  0.13/turn              m - ring of see invisible

@: berserk cooldown, very slightly contaminated, regenerating, slowed, very slow
A: no striking features
a: Berserk, Trog's Hand, Brothers in Arms, Renounce Religion, Evoke Berserk Rage


You were on level 2 of the Abyss.
You worshipped Trog.
Trog was extremely pleased with you.
You were not hungry.

You visited 2 branches of the dungeon, and saw 17 of its levels.
You visited the Abyss 1 time.

You collected 1194 gold pieces.
You spent 879 gold pieces at shops.

Inventory:

Hand Weapons
 a - a +3 battleaxe of chopping (weapon)
 b - a +1 mace of crushing
 e - a +0 whip of electrocution
 Y - a +4 antimagic battleaxe
 Z - a +4 antimagic executioner's axe
Armour
 i - the +1 ring mail of the Cooper {-Cast rPois rC+}
   (You found it on level 5 of the Lair of Beasts)

   It protects you from cold.
   It protects you from poison.
   It prevents spellcasting.
 l - a +0 plate armour (worn)
 L - a +1 cloak (worn)
 M - the +2 hat of the Bear Spirit (worn) {Spirit, +Rage rN+ MR++}
   (You bought it in a shop on level 9 of the Dungeon)

   It protects you from negative energy.
   It affects your resistance to hostile enchantments.
   It lets you go berserk.
 O - a +0 pair of gloves (worn)
 P - a +0 pair of boots (worn)
 S - a +0 shield
 X - a +1 leather armour of positive energy
Jewellery
 f - a ring of poison resistance (left hand)
 m - a ring of see invisible (right hand)
 I - an uncursed ring of positive energy
 R - an uncursed ring of ice
 W - an uncursed ring of fire
Wands
 q - a wand of enslavement (6)
 t - a wand of polymorph (11)
 x - a wand of iceblast (25)
 A - a wand of paralysis (19)
 C - a wand of disintegration (18)
 N - a wand of random effects (13)
Scrolls
 j - 2 scrolls of immolation
 k - 2 scrolls of identify
 n - 8 scrolls of remove curse
 o - 3 scrolls of magic mapping
 p - 7 scrolls of teleportation
 u - a scroll of fear
 v - 2 scrolls of enchant armour
 w - a scroll of random uselessness {unknown}
 y - 2 scrolls of enchant weapon
 B - a scroll of blinking
 D - 2 scrolls of noise
 H - 3 scrolls of fog
 V - 3 scrolls of torment
Potions
 d - 5 potions of curing
 g - 3 potions of might
 h - a potion of cancellation {unknown}
 r - 2 potions of haste {unknown}
 z - 5 potions of flight
 E - 2 potions of resistance {unknown}
 F - 2 potions of heal wounds {unknown}
 J - 2 potions of lignification {unknown}
 K - 2 potions of agility {unknown}
 Q - 3 potions of invisibility
 T - a potion of mutation {unknown}
 U - a potion of berserk rage
Comestibles
 c - 27 rations


   Skills:
 * Level 11.6 Fighting
 - Level 21.0 Axes
 * Level 10.5 Armour
 * Level 5.3 Dodging


You had 12 spell levels left.
You didn't know any spells.
Your spell library contained the following spells:

 Spells                   Type           Power        Failure   Level  Hunger
 Animate Skeleton         Necr           N/A          99%         1    ##.....
 Apportation              Tloc           #.....       99%         1    ##.....
 Confusing Touch          Hex            #.....       99%         1    ##.....
 Summon Small Mammal      Summ           #...         99%         1    ##.....
 Sublimation of Blood     Necr           #.........   100%        2    ###....
 Ignite Poison            Fire/Tmut/Pois #.......     100%        3    ####...
 Petrify                  Tmut/Erth      #.......     100%        4    #####..
 Alistair's Intoxication  Tmut/Pois      #.......     100%        5    ######.
 Irradiate                Conj/Tmut      #.........   100%        5    ######.


Dungeon Overview and Level Annotations

Branches:
Dungeon (11/15)            Temple (0/1) D:4            Lair (6/6) D:8
  Swamp (0/4) Lair:2        Snake (0/4) Lair:3          Orc (0/2) D:10
  Slime: Lair:5-6

Altars:
Cheibriados
Elyvilon
Fedhas
Hepliaklqana
Nemelex Xobeh
Okawaru
Qazlal
Sif Muna
Xom
Zin
The Shining One

Shops:
D:4 =   D:9 [*[(

Annotations:
Lair:1 exclusion: 2 oklob plants
Lair:6 Sonja


Message History

* * * LOW HITPOINT WARNING * * *
The sixfirhy shocks you!
* * * LOW HITPOINT WARNING * * *
The sixfirhy hits you.
* * * LOW HITPOINT WARNING * * *
The sixfirhy shocks you!
* * * LOW HITPOINT WARNING * * *
Blink to where?
Press: ? - help, Dir - move target cursor
As you read the scroll of blinking, it crumbles to dust.
A small abomination comes into view.
Blink to where?
Press: ? - help, Dir - move target cursor
As you read the scroll of blinking, it crumbles to dust.
You eat one of the 28 rations.
That ration really hit the spot!
You feel the effects of Trog's Hand fading.
The sixfirhy hits you.
* * * LOW HITPOINT WARNING * * *
The sixfirhy shocks you!
You die...

..#.....##..... .
#............
............#..
...............
#§..##........
#3....##......##
##....##...#...# .
#.....#.#.##..##
..##.........x.3@# ...
.....##..........#
.......##....*.......#
...# .#.........##.###
.. # ...........# ..#
.. #... ........#. ##
. #.............#.
≈≈.............. .
....≈........≈≈


You could see a wretched star, a sixfirhy and a small abomination.

Vanquished Creatures
  2 hydras
  The ghost of Rudriger the Destroyer, a novice DrFE of Vehumet (D:9)
  Pikel (D:4)
  A cyclops (D:10)
  11 elephants
  3 black mambas
  A rime drake (Lair:2)
  3 komodo dragons
  7 spiny frogs
  A troll (D:9)
  A hornet (Lair:6)
  9 blink frogs
  7 hippogriffs
  5 dream sheep (Lair:4)
  Sigmund (D:2)
  A redback (Lair:6)
  5 wyverns
  5 basilisks
  13 yaks
  A human (D:10)
  Grum (D:10)
  A steam dragon (Lair:2)
  3 wargs
  Menkaure (D:7)
  3 nagas (Lair:3)
  12 water moccasins
  9 porcupines
  7 ice beasts
  4 sky beasts
  2 orc warriors
  3 ogres
  2 phantoms
  A swamp drake (Lair:2)
  36 wolves
  4 slaves (D:4)
  5 centaurs
  7 crocodiles
  A big kobold (D:9)
  15 bullfrogs
  A wyvern zombie (D:8)
  A wyvern skeleton (D:11)
  2 scorpions (D:10)
  3 killer bees (D:8)
  A howler monkey (D:5)
  7 crimson imps
  A bullfrog zombie (D:5)
  A jelly (D:10)
  5 hounds
  7 orc priests
  A centaur skeleton (D:4)
  4 centaur zombies
  A gnoll shaman (D:7)
  Crazy Yiuf (D:7)
  3 bullfrog skeletons
  4 iguanas
  Jessica (D:3)
  13 orc wizards
  9 worker ants
  A hound zombie (D:7)
  8 gnolls (D:7)
  8 adders
  3 shadow imps (D:8)
  2 white imps (Lair:2)
  An ooze (D:6)
  An adder skeleton (D:4)
  3 dart slugs (D:1)
  6 leopard geckos
  45 orcs
  5 giant cockroaches
  6 goblins
  10 hobgoblins
  11 jackals
  5 kobolds
  3 quokkas
  2 ball pythons
  6 bats
  3 frilled lizards
  2 jackal skeletons
  7 rats
  5 fungi
  2 plants
407 creatures vanquished.

Vanquished Creatures (collateral kills)
  The ghost of Mrkan the Grappler, a journeyman TrMo of Okawaru (D:9)
  The ghost of Tensor the Martial Artist, a novice GnTm of Okawaru (D:9)
  A spiny frog (Lair:2)
  2 water moccasins (Lair:2)
  An ice beast (Lair:2)
  A crocodile (Lair:2)
7 creatures vanquished.

Vanquished Creatures (others)
  3 fungi (Lair:3)
  6 plants
  2 withered plants (D:9)
11 creatures vanquished.

Grand Total: 425 creatures vanquished

Notes
Turn   | Place    | Note
-------+----------+-------------------------------------------
     0 | D:1      | AlterAsc the Hill Orc Berserker began the quest for the
                  | Orb.
     0 | D:1      | Reached XP level 1. HP: 19/19 MP: 1/1
    71 | D:1      | Reached XP level 2. HP: 20/27 MP: 2/2
   472 | D:1      | Reached XP level 3. HP: 29/33 MP: 3/3
   531 | D:1      | Reached ** piety under Trog
  1341 | D:2      | Reached skill level 5 in Axes
  1406 | D:2      | Reached XP level 4. HP: 40/40 MP: 4/4
  1677 | D:2      | Noticed Sigmund
  1687 | D:2      | Killed Sigmund
  1687 | D:2      | Reached skill level 6 in Axes
  1687 | D:2      | Reached XP level 5. HP: 47/47 MP: 5/5
  1687 | D:2      | Reached XP level 6. HP: 55/55 MP: 6/6
  1923 | D:3      | Reached skill level 5 in Fighting
  2017 | D:3      | Noticed Jessica
  2020 | D:3      | Killed Jessica
  2600 | D:4      | Reached *** piety under Trog
  2674 | D:4      | Noticed a slave
  2675 | D:4      | Found a staircase to the Ecumenical Temple.
  2675 | D:4      | Noticed a slave
  2675 | D:4      | Noticed a slave
  2676 | D:4      | Noticed Pikel
  2676 | D:4      | Noticed a slave
  2680 | D:4      | Reached skill level 7 in Axes
  2686 | D:4      | Killed a slave
  2687 | D:4      | Killed a slave
  2690 | D:4      | Killed a slave
  2693 | D:4      | Killed a slave
  2940 | D:4      | Killed Pikel
  2940 | D:4      | Reached skill level 8 in Axes
  2940 | D:4      | Reached skill level 5 in Armour
  2940 | D:4      | Reached XP level 7. HP: 47/63 MP: 7/7
  2997 | D:4      | Reached XP level 8. HP: 42/70 MP: 8/8
  3193 | D:4      | Found Ittoef's Jewellery Shoppe.
  3330 | D:5      | Entered Level 5 of the Dungeon
  3338 | D:5      | Reached skill level 9 in Axes
  3997 | D:6      | Reached skill level 10 in Axes
  4242 | D:6      | Found a shimmering blue altar of Sif Muna.
  4484 | D:7      | Reached XP level 9. HP: 79/79 MP: 9/9
  4487 | D:7      | Reached skill level 11 in Axes
  4542 | D:7      | Found a stormy altar of Qazlal.
  4573 | D:7      | Reached **** piety under Trog
  4688 | D:7      | Found a runed translucent door.
  4689 | D:7      | Noticed Crazy Yiuf
  5027 | D:7      | Found a hazy altar of Hepliaklqana.
  5137 | D:7      | Noticed Menkaure
  5164 | D:8      | Got a fine robe
  5175 | D:8      | Identified the +0 robe of Mysticism {rPois rF- rN+} (You
                  | found it on level 8 of the Dungeon)
  5315 | D:7      | Killed Menkaure
  5315 | D:7      | Reached skill level 12 in Axes
  5596 | D:7      | Killed Crazy Yiuf
  5716 | D:8      | Found a sparkling altar of Nemelex Xobeh.
  5781 | D:8      | Found a staircase to the Lair.
  5788 | D:8      | Reached ***** piety under Trog
  5891 | D:8      | Received a gift from Trog
  5891 | D:8      | Reached XP level 10. HP: 87/90 MP: 10/10
  5920 | D:8      | Found a white marble altar of Elyvilon.
  5957 | D:8      | Reached skill level 13 in Axes
  6192 | D:8      | Found a blossoming altar of Fedhas.
  6958 | D:9      | Found Wiqam's Armour Shop.
  7097 | D:9      | Found Loyrees's Assorted Antiques.
  7102 | D:9      | Bought a runed battleaxe for 332 gold pieces
  7133 | D:9      | Found a glowing silver altar of Zin.
  7140 | D:9      | Found an iron altar of Okawaru.
  7140 | D:9      | Found a shimmering altar of Xom.
  7141 | D:9      | Found a glowing golden altar of the Shining One.
  7204 | D:9      | Found Kuets's Antique Armour Shoppe.
  7223 | D:9      | Found Cown's Armour Shop.
  7237 | D:9      | Reached skill level 14 in Axes
  7415 | D:9      | Found Ostojin's Antique Weapon Emporium.
  7512 | D:9      | Found a runed translucent gate.
  7513 | D:9      | Found a runed translucent gate.
  7516 | D:9      | Found a runed translucent gate.
  7517 | D:9      | Noticed Rudriger's ghost (novice DrFE)
  7517 | D:9      | Noticed Tensor's ghost (novice GnTm)
  7517 | D:9      | Noticed Mrkan's ghost (journeyman TrMo)
  7794 | D:10     | Entered Level 10 of the Dungeon
  7972 | D:10     | Found a staircase to the Orcish Mines.
  7973 | D:10     | Received a gift from Trog
  7979 | D:10     | Reached skill level 15 in Axes
  8291 | D:10     | You fall into a shaft and drop 1 floor!
  8317 | D:10     | Noticed a cyclops
  8320 | D:10     | Killed a cyclops
  8320 | D:10     | Reached skill level 16 in Axes
  8320 | D:10     | Reached XP level 11. HP: 44/97 MP: 3/11
  8470 | D:10     | Noticed Grum
  8476 | D:10     | Killed Grum
  8922 | D:9      | Killed Rudriger's ghost
  8922 | D:9      | Reached skill level 17 in Axes
  8922 | D:9      | Killed Mrkan's ghost
  8924 | D:9      | Killed Tensor's ghost
  9007 | Lair:1   | Entered Level 1 of the Lair of Beasts
  9117 | Lair:1   | Reached skill level 18 in Axes
  9429 | Lair:1   | Noticed a four-headed hydra
  9439 | Lair:1   | Killed a four-headed hydra
  9645 | Lair:1   | Noticed an oklob plant
  9726 | Lair:1   | Reached skill level 19 in Axes
  9742 | Lair:1   | Received a gift from Trog
  9769 | Lair:1   | Reached XP level 12. HP: 105/105 MP: 12/12
 10246 | Lair:2   | Reached skill level 20 in Axes
 10491 | Lair:2   | Found a staircase to the Swamp.
 10847 | Lair:3   | Reached skill level 21 in Axes
 11049 | Lair:3   | Found a snail-covered altar of Cheibriados.
 11075 | Lair:3   | Reached skill level 10 in Fighting
 11092 | Lair:3   | Noticed a five-headed hydra
 11105 | Lair:3   | Killed a five-headed hydra
 11236 | Lair:3   | Found a staircase to the Snake Pit.
 11427 | Lair:3   | Reached XP level 13. HP: 113/113 MP: 13/13
 11627 | D:9      | Bought the +2 hat of the Bear Spirit {Spirit, +Rage rN+
                  | MR++} for 547 gold pieces
 11627 | D:9      | Found the +2 hat of the Bear Spirit {Spirit, +Rage rN+
                  | MR++}
 11736 | Lair:4   | Received a gift from Trog
 11814 | Lair:4   | Got a dazzling leather armour
 11825 | Lair:4   | Identified the +1 leather armour of the Moon {Int+3} (You
                  | found it on level 4 of the Lair of Beasts)
 12154 | Lair:4   | Reached skill level 10 in Armour
 12560 | Lair:5   | Reached skill level 5 in Dodging
 12663 | Lair:5   | Got a bloodstained ring mail
 12674 | Lair:5   | Identified the +1 ring mail of the Cooper {-Cast rPois rC+}
                  | (You found it on level 5 of the Lair of Beasts)
 13307 | Lair:6   | Entered Level 6 of the Lair of Beasts
 13464 | Lair:6   | Paralysed by a hornet for 3 turns
 13515 | Lair:6   | Noticed Sonja
 13525 | Lair:6   | Cast into level 2 of the Abyss (Sonja)
 13546 | Abyss:2  | HP: 1/116 [sixfirhy (10)]
 13551 | Abyss:2  | Slain by a sixfirhy

Levels and vault maps discovered:
D:1:      dpeg_arrival_connections, layout_loops_ring, kennysheep_boxes
D:2:      layout_loops_ring, first_ration, kennysheep_generic_room_5,
          uniq_sigmund
D:3:      layout_basic, minmay_curled_crystal, uniq_jessica
D:4:      layout_basic, minmay_temple_entry_proselytizer, serial_shops,
          kennysheep_little_box, minivault_26, uniq_pikel
D:5:      layout_gridville
D:6:      layout_cave_pools, marbit_many_paths, kennysheep_generic_room_6
D:7:      layout_loops_ring, nicolae_overflow_crystal_walls,
          nicolae_qazlal_eye_of_the_storm, minmay_misc_feat_tiny,
          uniq_crazy_yiuf_cottage, uniq_menkaure
D:8:      layout_loops_corners, elyvilon_altar_1, lemuel_doored_altar,
          nemelex_xobeh_ov_fountains_minmay, dpeg_oklobed_lair
D:9:      layout_small_grid, chequers_temple_overflow_statue_of_worship,
          gammafunk_ghost_cemetery, serial_shops, nicolae_shop_waterfront,
          shop_fountains, nicolae_shop_stone, shop_statue, shop_statue
D:10:     layout_long_grid, erik_orc_3, grunt_pizzeria, nrook_mini_vaults,
          uniq_grum
D:11:     layout_rooms, gauntlet_entry_generic
Lair:1:   layout_loops_ring, st_stairs_7, beast_lair_carwin_7,
          minmay_lair_oklob_chamber
Lair:2:   layout_cave_shapes, minmay_swamp_entry_reptiles, ice2_lemuel
Lair:3:   layout_loops_ring, minmay_snake_entry_guardpost_large, basic_altar,
          grunt_forest_large_clearings
Lair:4:   layout_gridlike
Lair:5:   layout_loops_ring
Lair:6:   hangedman_lair_caniforms_friends, layout_cave_pods,
          hangedman_lair_tendril_chambers, slime_altar_2, uniq_sonja, uniq_snorg
Abyss:2:  hangedman_abyss_or_decor_slice, hangedman_abyss_or_decor_stabs

Skill      XL: |  1  2  3  4  5  6  7  8  9 10 11 12 13 |
---------------+----------------------------------------+-----
Fighting       | 4 6 7 8 9 10 11 | 11.6
Dodging        | 2 3 5 |  5.3
Axes           | 5 6 8 10 12 16 19 21 | 21.0
Armour         | 3 5 6 7 8 9 10 | 10.5

Action                   |  1- 3 |  4- 6 |  7- 9 | 10-12 | 13-15 || total
-------------------------+-------+-------+-------+-------+-------++-------
Melee: Hand axe          |   113 |   104 |   394 |       |       ||   611
       War axe           |       |       |    25 |    36 |       ||    61
       Battleaxe         |       |       |       |   326 |   148 ||   474
       Broad axe         |       |       |       |    72 |       ||    72
       Executioner's axe |       |       |       |    78 |       ||    78
       Mace              |       |       |       |    14 |       ||    14
Invok: Berserk           |     3 |     3 |    10 |    15 |     6 ||    37
       Trog's Hand       |       |     1 |       |     2 |     1 ||     4
       Brothers in Arms  |       |       |       |     2 |     1 ||     3
  Use: Scroll            |     2 |     1 |     3 |     5 |    11 ||    22
 Stab: Sleeping          |     1 |       |       |       |       ||     1
       Distracted        |       |       |     1 |       |       ||     1
  Eat: Chunk             |     4 |     7 |    18 |    19 |     6 ||    54
       Ration            |       |       |     1 |     4 |     3 ||     8
Armor: Animal skin       |    12 |       |       |       |       ||    12
       Plate armour      |    38 |    74 |   221 |   318 |    91 ||   742
Dodge: Dodged            |    45 |    52 |   128 |   207 |    51 ||   483
